 Dungeon Crawl Stone Soup version 0.17-a0-1411-g06ff558 (webtiles) character file.

109 wvc the Charlatan (level 4, -8/23 HPs)
             Began as a Vine Stalker Artificer on June 23, 2015.
             Killed by Freeze
             ... invoked by Terandir's ghost
              (11 damage)
             ... on level 3 of the Dungeon.
             The game lasted 00:06:42 (1988 turns).

wvc the Charlatan (Vine Stalker Artificer)          Turns: 1988, Time: 00:06:42

Health: -8/23      AC:  7    Str: 14    XL:     4   Next: 89%
Magic:  0/7        EV: 11    Int: 13    God:
Gold:   108        SH:  0    Dex: 14    Spells: 0 memorised, 3 levels left

rFire  . . .     SeeInvis +     u - +1 long sword
rCold  . . .     Clarity  .     b - +0 leather armour
rNeg   . . .     SustAt   .     (no shield)
rPois  .         Gourm    .     l - +2 helmet
rElec  .         Spirit   +     (no cloak)
rCorr  .         Warding  .     q - +0 pair of gloves
rMut   .         Stasis   .     (no boots)
MR     .....                    (no amulet)
Stlth  ++........               (no ring)
                                j - ring of see invisible

@: lethally poisoned (-8 -> -8), not resistant to hostile enchantments,
unstealthy
A: fangs 2, regeneration 1, magic shield, antimagic bite, no device heal 3, rot
immunity
a: no special abilities


You were on level 3 of the Dungeon.
You were hungry.

You visited 1 branch of the dungeon, and saw 3 of its levels.

You collected 108 gold pieces.

Inventory:

Hand weapons
 a - a +0 short sword
 u - a +1 long sword (weapon)
Missiles
 s - 14 poisoned needles
Armour
 b - a +0 leather armour (worn)
 l - a +2 helmet (worn)
 n - a +0 large shield
 q - a +0 pair of gloves (worn)
Jewellery
 j - a ring of see invisible (left hand)
Magical devices
 c - a wand of flame (13)
 d - a wand of enslavement (14)
 e - a wand of random effects (15)
Scrolls
 k - a scroll of noise {unknown}
 v - a scroll of identify
 x - a scroll of remove curse
Potions
 g - a potion of agility {unknown}
 h - 2 potions of haste
 m - a potion of lignification {unknown}
 o - a potion of cancellation {unknown}
 r - 2 potions of curing
 t - a potion of degeneration {unknown}
 w - a potion of heal wounds {unknown}
 z - 2 potions of poison {unknown}
 A - a potion of berserk rage {unknown}
Comestibles
 f - 3 bread rations
 i - a beef jerky
 p - a slice of pizza


   Skills:
 - Level 1.7 Fighting
 - Level 2.3(2.6) Short Blades
 * Level 1.5(2.2) Long Blades
 + Level 1.6 Armour
 - Level 1.5 Dodging
 - Level 1.2 Stealth
 - Level 2.6 Evocations


You had 3 spell levels left.
You didn't know any spells.

Dungeon Overview and Level Annotations

Branches:
Dungeon (3/15)

Altars:
Qazlal

Annotations:
D:3 Terandir's ghost, average DEIE


Innate Abilities, Weirdness & Mutations

You have extremely sharp teeth.
Your natural rate of healing is unusually fast.
When hurt, damage is shared between your health and your magic reserves.
Your bite disrupts and absorbs the magic of your enemies.
Potions and wands cannot restore your health.
You are immune to rotting.


Message History

Your bite misses Terandir's ghost.
Terandir's ghost is severely damaged.
You feel sick.
Terandir's ghost hits you but does no damage.
Terandir's ghost gestures at you while chanting.
You are frozen.
You hit Terandir's ghost.
Terandir's ghost is severely damaged.
Terandir's ghost misses you.
You hit Terandir's ghost but do no damage.
Terandir's ghost is severely damaged.
You feel sick. Terandir's ghost casts a spell at you.
The puff of frost hits you!
* * * LOW HITPOINT WARNING * * *
You hit Terandir's ghost.
Terandir's ghost is almost destroyed.
Terandir's ghost casts a spell at you.
You are frozen.
You die...

*,,,..............#**,*#.........
*,,,..............###..#.........
*,,,..............#..............
*,,,..............#..............
*,,,........###+###..............
*,,,............# #≈.....≈....≈..
#.l..'##...#...## #..≈.≈..≈....#.
..J..+##...#...####.≈≈≈≈...≈.....
...........#...W@....≈≈≈≈≈≈≈≈....
.........###...###..≈≈≈≈≈≈≈≈≈....
........#* #...# #....≈≈⌠.≈≈≈≈..'
........# #...# #...≈≈≈>_≈≈.....
........# #...# #....≈≈≈≈≈≈....#
....<.%.# #...# #...≈≈≈≈≈≈≈....#
........# #...# ##..≈≈≈≈≈.....##
........# ##### #.≈...≈≈.....##
..l.....# #............##


You could see Terandir's ghost.

Vanquished Creatures
  2 gnolls
  2 adders
  An ooze (D:2)
  2 worms (D:2)
  4 giant geckos
  2 ball pythons (D:1)
  A giant cockroach (D:1)
  3 goblins (D:1)
  4 hobgoblins (D:1)
  7 kobolds
  3 quokkas
  10 bats
  10 giant newts
  6 rats
57 creatures vanquished.

Vanquished Creatures (collateral kills)
  A gnoll (D:2)
  A giant gecko (D:2)
2 creatures vanquished.

Grand Total: 59 creatures vanquished

Notes
Turn   | Place    | Note
--------------------------------------------------------------
     0 | D:1      | wvc the Vine Stalker Artificer began the quest for the Orb.
     0 | D:1      | Reached XP level 1. HP: 9/9 MP: 3/3
    30 | D:1      | Reached skill level 1 in Short Blades
   124 | D:1      | Reached XP level 2. HP: 6/14 MP: 5/5
   182 | D:1      | Reached skill level 1 in Fighting
   489 | D:1      | Reached XP level 3. HP: 15/18 MP: 6/6
   942 | D:2      | Reached XP level 4. HP: 17/23 MP: 7/7
   990 | D:2      | Reached skill level 1 in Long Blades
  1017 | D:2      | Reached skill level 1 in Armour
  1621 | D:3      | Noticed Terandir's ghost (average DEIE)
  1911 | D:3      | Found a stormy altar of Qazlal.
  1988 | D:3      | Killed from afar by Terandir's ghost

Vault maps used:
D:1:      tarquinn_simple_flora_water_f
D:3:      first_bread, roderic_lattice_a, nicolae_qazlal_general_emergency

Action                   |  1- 3 |  4- 6 || total
-------------------------+-------+-------++-------
Melee: Short sword       |   111 |       ||   111
       Long sword        |    20 |    83 ||   103
Evoke: Wand              |     2 |     1 ||     3
  Use: Scroll            |       |     8 ||     8
 Stab: Sleeping          |     2 |     1 ||     3
  Eat: Royal jelly       |       |     1 ||     1
       Chunk             |       |     1 ||     1
